2517 views
Uploaded 2021-05-22 08:08:25
Game version 1.32.10
45:21 long 1on1 ladder game on (2)Amazonia
Saved by xzz
2517 views
Uploaded 2021-05-22 08:08:25
Game version 1.32.10
45:21 long 1on1 ladder game on (2)Amazonia

55 units @ 7.1k
/ 1k
24 buildings @ 3.4k
/ 1.6k


| Scroll of Regeneration | 6 | 600 |
| Lesser Clarity Potion | 2 | 140 |
| Potion of Mana | 1 | 200 |
| Potion of Healing | 1 | 150 |
| Scroll of Healing | 1 | 250 |
| Scroll of Town Portal | 1 | 350 |
| Potion of Invisibility | 1 | 100 |
| Potion of Lesser Invulnerability | 1 | 150 |
| total: | 14 | 1940g |
| Peasant | 26 | 1950 | / | 0 |
| Footman | 6 | 810 | / | 0 |
| Rifleman | 7 | 1435 | / | 210 |
| Mortar Team | 4 | 720 | / | 280 |
| Priest | 4 | 540 | / | 40 |
| Knight | 2 | 490 | / | 120 |
| Siege Engine | 6 | 1170 | / | 360 |
| total: | 55 | 7115g | / | 1010w |
| Scout Tower | 1 | 30 | / | 20 |
| Arcane Tower | 1 | 70 | / | 50 |
| Altar of Kings | 1 | 180 | / | 50 |
| Barracks | 1 | 160 | / | 60 |
| Farm | 11 | 880 | / | 220 |
| Arcane Vault | 1 | 130 | / | 30 |
| Blacksmith | 1 | 140 | / | 60 |
| Lumber Mill | 1 | 120 | / | 0 |
| Town Hall | 3 | 1155 | / | 615 |
| Arcane Sanctum | 1 | 150 | / | 140 |
| Workshop | 3 | 420 | / | 420 |
| Keep | 3 | 960 | / | 630 |
| Castle | 2 | 720 | / | 420 |
| total: | 24 | 3365g | / | 1615w |
| 0:03 | Peasant |
| 0:03 | Peasant |
| 0:08 | Altar of Kings |
| 0:16 | Peasant |
| 0:20 | Barracks |
| 0:35 | Farm |
| 0:41 | Peasant |
| 0:50 | Farm |
| 0:56 | Peasant |
| 1:20 | Peasant |
| 1:20 | Peasant |
| 1:22 | Footman |
| 1:42 | Farm |
| 1:50 | Footman |
| 1:58 | Arcane Vault |
| 2:11 | Thunder Clap |
| 2:14 | Footman |
| 2:29 | Peasant |
| 2:31 | Footman |
| 3:03 | Peasant |
| 3:11 | Bash |
| 3:22 | Footman |
| 3:23 | Keep |
| 3:52 | Farm |
| 3:59 | Blacksmith |
| 4:09 | Lumber Mill |
| 4:12 | Scroll of Regeneration |
| 4:14 | Lesser Clarity Potion |
| 4:36 | Farm |
| 5:20 | Thunder Clap |
| 5:29 | Footman |
| 5:39 | Rifleman |
| 5:41 | Improved Lumber Harvesting |
| 5:47 | Castle |
| 5:53 | Scroll of Regeneration |
| 5:56 | Potion of Mana |
| 5:58 | Potion of Healing |
| 6:08 | Scroll of Regeneration |
| 7:02 | Rifleman |
| 7:24 | Advanced Lumber Harvesting |
| 7:31 | Farm |
| 7:43 | Arcane Sanctum |
| 7:50 | Rifleman |
| 8:19 | Bash |
| 8:31 | Workshop |
| 8:44 | Long Rifles |
| 8:46 | Rifleman |
| 8:51 | Farm |
| 8:55 | Farm |
| 8:59 | Farm |
| 9:03 | Black Gunpowder |
| 10:03 | Rifleman |
| 10:05 | Mortar Team |
| 10:06 | Priest |
| 10:06 | Priest |
| 10:28 | Rifleman |
| 11:00 | Mortar Team |
| 11:14 | Rifleman |
| 11:26 | Thunder Clap |
| 11:54 | Knight |
| 11:57 | Mortar Team |
| 12:00 | Priest |
| 12:03 | Priest Adept Training |
| 12:32 | Mortar Team |
| 12:46 | Brilliance Aura |
| 13:08 | Priest Master Training |
| 13:44 | Scroll of Healing |
| 14:09 | Knight |
| 14:42 | Priest |
| 15:09 | Peasant |
| 15:10 | Peasant |
| 15:10 | Peasant |
| 16:16 | Scroll of Regeneration |
| 16:49 | Peasant |
| 17:08 | Peasant |
| 17:34 | Peasant |
| 17:54 | Peasant |
| 18:04 | Improved Masonry |
| 18:10 | Peasant |
| 18:16 | Flare |
| 18:39 | Peasant |
| 18:46 | Peasant |
| 18:46 | Peasant |
| 18:46 | Peasant |
| 18:54 | Scout Tower |
| 19:23 | Town Hall |
| 19:39 | Peasant |
| 20:00 | Blizzard |
| 21:36 | Arcane Tower |
| 22:20 | Town Hall |
| 22:57 | Potion of Invisibility |
| 24:41 | Peasant |
| 24:43 | Peasant |
| 24:50 | Keep |
| 25:20 | Iron Plating |
| 25:43 | Peasant |
| 25:45 | Peasant |
| 25:51 | Scroll of Town Portal |
| 25:51 | Potion of Lesser Invulnerability |
| 26:06 | Scroll of Regeneration |
| 26:31 | Lesser Clarity Potion |
| 26:31 | Scroll of Regeneration |
| 27:19 | Keep |
| 28:02 | Town Hall |
| 29:40 | Castle |
| 30:37 | Workshop |
| 30:46 | Workshop |
| 31:16 | Avatar |
| 32:01 | Siege Engine |
| 32:25 | Farm |
| 32:25 | Farm |
| 32:29 | Siege Engine |
| 32:41 | Siege Engine |
| 32:43 | Siege Engine |
| 32:45 | Siege Engine |
| 33:17 | Blizzard |
| 33:27 | Siege Engine |
| Right click | 1983 |
| Select group | 875 |
| Select | 570 |
| Misc. action | 166 |
| Build/train/purchase | 125 |
| Assign group | 42 |
| Use ability | 23 |
| Remove unit | 6 |
| Item give/drop | 4 |
22 units @ 3.3k
/ 0.6k
125 buildings @ 15.2k
/ 9.8k

x1)
| Healing Salve | 4 | 400 |
| Lesser Clarity Potion | 8 | 560 |
| Scroll of Speed | 7 | 350 |
| Orb of Lightning | 1 | 375 |
| Potion of Mana | 2 | 400 |
| Scroll of Town Portal | 3 | 1050 |
| Boots of Speed | 1 | 250 |
| Potion of Lesser Invulnerability | 3 | 450 |
| Potion of Invisibility | 4 | 400 |
| Tome of Retraining | 1 | 300 |
| total: | 34 | 4535g |
| Peon | 12 | 900 | / | 0 |
| Demolisher | 9 | 1980 | / | 450 |
| Goblin Shredder | 1 | 375 | / | 100 |
| total: | 22 | 3255g | / | 550w |
| Watch Tower | 103 | 11330 | / | 8240 |
| Altar of Storms | 1 | 180 | / | 50 |
| Orc Burrow | 5 | 800 | / | 200 |
| Voodoo Lounge | 5 | 650 | / | 150 |
| War Mill | 1 | 205 | / | 0 |
| Barracks | 4 | 720 | / | 200 |
| Great Hall | 2 | 770 | / | 370 |
| Beastiary | 4 | 580 | / | 560 |
| Stronghold | 2 | 630 | / | 380 |
| Fortress | 1 | 325 | / | 190 |
| total: | 125 | 15235g | / | 9770w |
| 0:05 | Peon |
| 0:06 | Peon |
| 0:09 | Altar of Storms |
| 0:13 | Orc Burrow |
| 0:39 | Peon |
| 0:47 | Voodoo Lounge |
| 0:53 | War Mill |
| 1:01 | Peon |
| 1:21 | Peon |
| 1:29 | Voodoo Lounge |
| 1:47 | Peon |
| 2:19 | Peon |
| 2:22 | Watch Tower |
| 2:24 | Watch Tower |
| 2:27 | Peon |
| 2:27 | Peon |
| 2:39 | Serpent Ward |
| 2:54 | Watch Tower |
| 2:59 | Watch Tower |
| 3:09 | Watch Tower |
| 3:25 | Watch Tower |
| 3:40 | Watch Tower |
| 3:49 | Peon |
| 3:49 | Peon |
| 4:07 | Peon |
| 4:11 | Healing Salve |
| 4:12 | Lesser Clarity Potion |
| 4:12 | Scroll of Speed |
| 4:29 | Watch Tower |
| 4:30 | Watch Tower |
| 4:47 | Healing Wave |
| 4:58 | Watch Tower |
| 4:58 | Watch Tower |
| 4:59 | Watch Tower |
| 5:08 | Lesser Clarity Potion |
| 5:24 | Lesser Clarity Potion |
| 6:04 | Stronghold |
| 6:25 | Orc Burrow |
| 6:28 | Barracks |
| 6:30 | Spiked Barricades |
| 6:36 | Lesser Clarity Potion |
| 6:36 | Healing Salve |
| 7:55 | Goblin Shredder |
| 8:08 | Serpent Ward |
| 8:25 | Great Hall |
| 8:36 | Demolisher |
| 8:41 | Barracks |
| 8:47 | Barracks |
| 8:51 | Watch Tower |
| 8:57 | Watch Tower |
| 9:05 | Watch Tower |
| 9:33 | Orc Burrow |
| 9:50 | Reinforced Defenses |
| 10:11 | Boots of Speed |
| 10:23 | Orc Burrow |
| 10:25 | Orc Burrow |
| 10:30 | Barracks |
| 10:37 | Beastiary |
| 10:45 | Demolisher |
| 10:56 | Potion of Lesser Invulnerability |
| 11:05 | Potion of Invisibility |
| 11:12 | Watch Tower |
| 11:13 | Watch Tower |
| 11:13 | Watch Tower |
| 11:14 | Watch Tower |
| 11:14 | Watch Tower |
| 11:16 | Watch Tower |
| 11:16 | Watch Tower |
| 11:48 | Steel Ranged Weapons |
| 11:49 | Demolisher |
| 11:51 | Demolisher |
| 12:36 | Healing Wave |
| 12:41 | Fortress |
| 12:49 | Watch Tower |
| 12:51 | Watch Tower |
| 12:52 | Watch Tower |
| 12:53 | Watch Tower |
| 13:20 | Steel Armor |
| 13:30 | Potion of Invisibility |
| 13:45 | Demolisher |
| 13:53 | Healing Salve |
| 14:12 | Watch Tower |
| 14:12 | Watch Tower |
| 14:35 | Thorium Ranged Weapons |
| 14:46 | Watch Tower |
| 14:47 | Watch Tower |
| 14:48 | Watch Tower |
| 14:48 | Watch Tower |
| 14:48 | Watch Tower |
| 16:18 | Burning Oil |
| 16:20 | Demolisher |
| 16:22 | Arcanite Ranged Weapons |
| 16:26 | Watch Tower |
| 16:33 | Lesser Clarity Potion |
| 16:35 | Orb of Lightning |
| 16:48 | Potion of Invisibility |
| 16:51 | Potion of Lesser Invulnerability |
| 17:24 | Watch Tower |
| 17:24 | Watch Tower |
| 17:25 | Watch Tower |
| 17:25 | Watch Tower |
| 17:25 | Watch Tower |
| 17:25 | Watch Tower |
| 17:26 | Watch Tower |
| 17:26 | Watch Tower |
| 17:27 | Watch Tower |
| 18:05 | Watch Tower |
| 18:05 | Watch Tower |
| 18:06 | Watch Tower |
| 18:06 | Watch Tower |
| 18:25 | Serpent Ward |
| 18:39 | Scroll of Speed |
| 18:48 | Thorium Armor |
| 20:06 | Demolisher |
| 20:10 | Arcanite Armor |
| 20:21 | Scroll of Town Portal |
| 20:28 | Stronghold |
| 20:34 | Potion of Invisibility |
| 21:29 | Lesser Clarity Potion |
| 21:31 | Scroll of Town Portal |
| 21:31 | Scroll of Speed |
| 21:39 | Demolisher |
| 22:16 | Improved Spiked Barricades |
| 22:56 | Watch Tower |
| 22:56 | Watch Tower |
| 22:57 | Watch Tower |
| 22:58 | Watch Tower |
| 23:06 | Watch Tower |
| 23:06 | Watch Tower |
| 23:08 | Watch Tower |
| 23:11 | Watch Tower |
| 23:13 | Watch Tower |
| 24:10 | Watch Tower |
| 24:10 | Watch Tower |
| 24:11 | Watch Tower |
| 24:12 | Watch Tower |
| 24:48 | Pillage |
| 24:50 | Beastiary |
| 24:57 | Demolisher |
| 25:10 | Healing Salve |
| 25:13 | Scroll of Speed |
| 26:18 | Liquid Fire |
| 27:08 | Steel Melee Weapons |
| 27:14 | Scroll of Speed |
| 27:15 | Scroll of Town Portal |
| 27:28 | Watch Tower |
| 27:54 | Watch Tower |
| 27:54 | Watch Tower |
| 27:54 | Watch Tower |
| 27:55 | Watch Tower |
| 27:55 | Watch Tower |
| 28:13 | Ensnare |
| 28:16 | Thorium Melee Weapons |
| 28:49 | Watch Tower |
| 29:23 | Watch Tower |
| 29:24 | Watch Tower |
| 29:24 | Watch Tower |
| 29:27 | Watch Tower |
| 29:33 | Watch Tower |
| 29:36 | Watch Tower |
| 29:40 | Great Hall |
| 29:43 | Watch Tower |
| 29:43 | Watch Tower |
| 29:56 | Watch Tower |
| 29:57 | Watch Tower |
| 29:57 | Watch Tower |
| 29:57 | Watch Tower |
| 30:01 | Watch Tower |
| 30:17 | Watch Tower |
| 30:49 | Watch Tower |
| 31:10 | Watch Tower |
| 32:17 | Watch Tower |
| 33:10 | Big Bad Voodoo |
| 33:25 | Voodoo Lounge |
| 33:30 | Watch Tower |
| 33:35 | Watch Tower |
| 33:39 | Watch Tower |
| 33:39 | Watch Tower |
| 33:40 | Watch Tower |
| 34:16 | Tome of Retraining |
| 34:16 | Retrain Hero |
| 34:21 | Serpent Ward |
| 34:21 | Serpent Ward |
| 34:22 | Serpent Ward |
| 34:22 | Big Bad Voodoo |
| 34:23 | Hex |
| 34:23 | Hex |
| 34:38 | Watch Tower |
| 34:38 | Watch Tower |
| 34:39 | Watch Tower |
| 34:41 | Watch Tower |
| 34:43 | Scroll of Speed |
| 35:59 | Hex |
| 37:08 | Arcanite Melee Weapons |
| 37:14 | Beastiary |
| 37:17 | Beastiary |
| 37:20 | Lesser Clarity Potion |
| 37:22 | Potion of Mana |
| 37:24 | Scroll of Speed |
| 37:32 | Voodoo Lounge |
| 37:38 | Voodoo Lounge |
| 39:26 | Potion of Lesser Invulnerability |
| 43:33 | Watch Tower |
| 43:35 | Watch Tower |
| 43:36 | Watch Tower |
| 43:37 | Watch Tower |
| 43:40 | Watch Tower |
| 43:42 | Watch Tower |
| 43:43 | Watch Tower |
| 43:45 | Watch Tower |
| 43:45 | Watch Tower |
| 43:47 | Watch Tower |
| 43:56 | Lesser Clarity Potion |
| 43:58 | Potion of Mana |
| Right click | 2072 |
| Select | 709 |
| Build/train/purchase | 143 |
| Select group | 139 |
| Use ability | 127 |
| Misc. action | 56 |
| Chat | 29 |
| Assign group | 14 |
| Item give/drop | 14 |
| Esc | 3 |
| Remove unit | 1 |
⇛